Senators vs Tamiflu
Created - 9 février 2017 at 19:03
Goals
|
| Senators |
0 |
3 |
2 |
5 |
| Tamiflu |
1 |
3 |
2 |
6 |
|
Shots
|
| Senators |
6 |
13 |
12 |
31 |
| Tamiflu |
16 |
13 |
12 |
41 |
|
1st period
1. Tamiflu , Lucas Lessio 4 (Jan Mursak, Casey Wellman) at 14:02
Penalties :
No Penalty
2nd period
2. Tamiflu , Nino Niederreiter 17 (Jamie Arniel, Tye McGinn) at 2:19 (PP)
3. Tamiflu , Tye McGinn 12 (Mattias Tedenby, Stefan Elliott) at 3:06
4. Senators , Jack Skille 9 (Mark Olver, Gabriel Bourque) at 4:03
5. Senators , Stanislav Chistov 25 (Sergei Kostitsyn, Logan Stephenson) at 4:17
6. Tamiflu , Nino Niederreiter 18 (Jamie Arniel, Mattias Tedenby) at 12:21
7. Senators , Cody Hodgson 26 (Sergei Kostitsyn, Martin Marincin) at 15:27
Penalties :
Logan Stephenson (BIN) for Roughing (Minor) at 1:36, Jeff Petry (BIN) for Interference (Minor) at 5:22, Greg Mauldin (Det) for Cross-checking (Minor) at 16:12, Marc Denis (BIN) for Slashing (Minor) at 18:30 - Nicolas Deslauriers served the penalty, Jeff Petry (BIN) for High sticking (Double Minor) at 18:33
3rd period
8. Tamiflu , Jamie Arniel 20 (Nino Niederreiter, Tye McGinn) at 1:03 (PP)
9. Tamiflu , Greg Mauldin 21 (Robert Dome, Nathan Oystrick) at 13:01
10. Senators , Stanislav Chistov 26 (Sergei Kostitsyn, Martin Marincin) at 13:52
11. Senators , Andy Hilbert 14 (Jeff Petry, Tomas Jurco) at 15:33
Penalties :
Gabriel Bourque (BIN) for Hooking (Minor) at 7:19, Jordan Hendry (Det) for Roughing (Double Minor) at 17:41
Goalie Stats
Marc Denis (BIN), 35 saves from 41 shots - (0,854), L, 12-12-1, 60:00 minutes
Thomas Greiss (Det), 26 saves from 31 shots - (0,839), W, 19-15-6, 60:00 minutes
Players Stats for Senators
Player Name G A P +/- PIM S H SB GA TA FO MP PP MP PK MP
------------------------------------------------------------------------------------
Andy Hilbert 1 0 1 1 0 2 0 0 1 0 0/0 13:54 1:56 4:09
Arturs Kulda 0 0 0 0 0 0 0 0 0 0 0/0 0:28 0:00 0:00
Cody Hodgson 1 0 1 2 0 3 2 1 0 0 16/29 20:54 2:21 0:49
Gabriel Bourque 0 1 1 0 2 7 3 0 1 1 1/1 13:56 0:00 0:18
Jack Skille 1 0 1 0 0 2 1 0 0 0 1/1 15:10 1:56 0:00
Jaden Schwartz 0 0 0 -2 0 0 3 0 0 0 0/1 11:04 0:00 0:30
Jeff Petry 0 1 1 -3 6 0 3 1 0 1 0/0 22:41 1:21 1:37
Josh Hennessy 0 0 0 1 0 2 0 0 0 0 2/3 8:52 1:56 0:00
Logan Stephenson 0 1 1 2 2 2 2 2 0 1 0/0 26:16 2:56 4:31
Mark Olver 0 1 1 0 0 0 1 0 0 1 7/13 14:28 0:00 1:14
Martin Marincin 0 2 2 3 0 1 3 1 0 1 0/0 25:29 2:00 0:51
Matt Frattin 0 0 0 -2 0 2 1 0 1 0 0/0 10:09 0:00 0:00
Nick Bjugstad 0 0 0 -2 0 1 1 0 0 0 4/8 11:31 0:00 0:24
Nicolas Deslauriers 0 0 0 3 0 1 1 1 0 0 0/0 17:44 0:56 2:25
Patrick Wey 0 0 0 -3 0 0 2 1 0 3 0/0 25:33 1:21 4:41
Sergei Kostitsyn 0 3 3 2 0 4 1 1 1 0 8/10 24:47 2:21 4:41
Stanislav Chistov 2 0 2 2 0 3 5 0 1 0 1/1 20:54 2:21 0:49
Tomas Jurco 0 1 1 1 0 1 4 0 0 0 0/0 6:56 0:00 0:00
Players Stats for Tamiflu
Player Name G A P +/- PIM S H SB GA TA FO MP PP MP PK MP
------------------------------------------------------------------------------------
Adam Larsson 0 0 0 -1 0 1 0 2 0 1 0/0 16:13 0:09 2:21
Casey Wellman 0 1 1 1 0 1 0 0 0 0 1/2 8:17 0:00 0:00
Colin Greening 0 0 0 0 0 1 1 0 1 0 3/7 11:46 0:00 0:30
Greg Mauldin 1 0 1 -1 2 2 1 1 0 2 9/29 19:11 3:49 0:30
Jamie Arniel 1 2 3 -1 0 4 2 2 1 0 11/22 18:20 3:16 1:00
Jan Mursak 0 1 1 1 0 1 0 0 0 0 0/0 10:36 0:00 2:14
Jordan Hendry 0 0 0 0 4 5 2 0 0 1 0/0 20:28 4:46 0:45
Justin Braun 0 0 0 -1 0 3 1 0 0 0 0/0 13:43 0:00 0:00
Lucas Lessio 1 0 1 1 0 2 0 0 0 0 0/0 9:14 0:00 0:57
Mattias Tedenby 0 2 2 -1 0 3 1 1 1 0 1/3 14:17 0:09 0:00
Mike Duco 0 0 0 0 0 2 0 1 0 0 0/0 11:24 0:09 0:00
Nathan Oystrick 0 1 1 0 0 2 3 4 1 0 0/0 19:28 2:28 2:21
Nino Niederreiter 2 1 3 -1 0 2 1 0 2 0 0/0 18:24 3:16 1:00
Petr Pohl 0 0 0 -1 0 2 1 0 1 0 2/4 21:00 3:49 2:23
Philip Samuelsson 0 0 0 0 0 0 2 1 0 0 0/0 26:49 4:46 1:56
Robert Dome 0 1 1 -1 0 7 0 0 1 0 0/0 18:37 3:49 0:00
Stefan Elliott 0 1 1 0 0 0 2 1 0 1 0/0 23:27 2:28 1:11
Tye McGinn 1 2 3 0 0 3 2 1 0 0 0/0 14:27 3:16 0:00
3 Stars
1 - Stanislav Chistov (BIN)
2 - Nino Niederreiter (Det)
3 - Tye McGinn (Det)
Power Play
Senators - 0 on 3 Attempt(s) - 0,00%
Tamiflu - 2 on 6 Attempt(s) - 33,33%
Penalty Kill
Senators - 4 on 6 Attempt(s) - 66,67%
- Score 0 goal in Penalty Kill
Tamiflu - 3 on 3 Attempt(s) - 100,00%
- Score 0 goal in Penalty Kill
Team Stat
Senators - Hits : 33 - Faceoff Wins : 40 - Blocked Shots : 8 - Penalty Minutes : 12
Tamiflu - Hits : 19 - Faceoff Wins : 27 - Blocked Shots : 14 - Penalty Minutes : 6
Official
Referees : Leggo Mike and Auger Stephane
Linesman : Bryan Pancich and Brad Kovachik
Game Notes
Arturs Kulda is injured at 0:27 of 1st period (Sprained Left Knee)
Finance
Level 1 -- Attendance: 1444 (72,20%) -- Ticket Income 36 100 $
Level 2 -- Attendance: 773 (77,30%) -- Ticket Income 7 730 $
Total Attendance: 2217 (73,90%)
Total Ticket Income: 43 830 $
Other Income: 2 192 $
Total Income: 46 022 $
Senators
5 vs 5 Forward
Center Left Wing Right Wing Time % Phy DF OF
1 Cody Hodgson Sergei Kostitsyn Stanislav Chistov 40 1 2 2
2 Mark Olver Gabriel Bourque Jack Skille 30 1 2 2
3 Nick Bjugstad Jaden Schwartz Matt Frattin 20 1 2 2
4 Josh Hennessy Andy Hilbert Tomas Jurco 10 1 2 2
5 vs 5 Defense
Defense Defense Time % Phy DF OF
1 Arturs Kulda Logan Stephenson 40 1 2 2
2 Patrick Wey Jeff Petry 30 1 2 2
3 Martin Marincin Nicolas Deslauriers 20 1 2 2
4 Arturs Kulda Logan Stephenson 10 1 2 2
PowerPlay Forward
Center Left Wing Right Wing Time % Phy DF OF
1 Cody Hodgson Sergei Kostitsyn Stanislav Chistov 60 0 1 3
2 Josh Hennessy Andy Hilbert Jack Skille 40 1 1 3
PowerPlay Defense
Defense Defense Time % Phy DF OF
1 Arturs Kulda Logan Stephenson 60 1 2 2
2 Patrick Wey Jeff Petry 40 1 2 2
Penalty Kill 4 Players Forward
Center Wing Time % Phy DF OF
1 Sergei Kostitsyn Andy Hilbert 60 1 2 2
2 Cody Hodgson Stanislav Chistov 40 1 2 2
Penalty Kill 4 Players Defense
Defense Defense Time % Phy DF OF
1 Arturs Kulda Logan Stephenson 60 1 2 2
2 Patrick Wey Jeff Petry 40 1 2 2
Penalty Kill - 3 Players Forward
Forward Time % Phy DF OF
1 Sergei Kostitsyn 60 1 2 2
2 Andy Hilbert 40 1 2 2
Penalty Kill - 3 Players Defense
Defense Defense Time % Phy DF OF
1 Arturs Kulda Logan Stephenson 60 1 2 2
2 Patrick Wey Jeff Petry 40 1 2 2
4 vs 4 Forward
Center Wing Time % Phy DF OF
1 Sergei Kostitsyn Andy Hilbert 60 1 2 2
2 Cody Hodgson Stanislav Chistov 40 1 2 2
4 vs 4 Defense
Defense Defense Time % Phy DF OF
1 Arturs Kulda Logan Stephenson 60 1 2 2
2 Patrick Wey Jeff Petry 40 1 2 2
Last Minutes Offensive
Center Left Wing Right Wing Defense Defense
Cody Hodgson Sergei Kostitsyn Stanislav Chistov Arturs Kulda Logan Stephenson
Last Minutes Defensive
Center Left Wing Right Wing Defense Defense
Cody Hodgson Sergei Kostitsyn Stanislav Chistov Arturs Kulda Logan Stephenson
Goaltenders
Starting : Marc Denis
Backup : Jeff Frazee
Extra Forwards
Normal : Gabriel Bourque, Jaden Schwartz, Mark Olver - PP : Gabriel Bourque, Jaden Schwartz - PK : Mark Olver
Extra Defensemen
Normal : Martin Marincin, Jeff Petry, Patrick Wey - PP : Martin Marincin - PK : Jeff Petry, Patrick Wey
Penalty Shots
Sergei Kostitsyn, Andy Hilbert, Cody Hodgson, Stanislav Chistov, Josh Hennessy
Tamiflu
5 vs 5 Forward
Center Left Wing Right Wing Time % Phy DF OF
1 Greg Mauldin Robert Dome Petr Pohl 35 0 2 3
2 Jamie Arniel Mattias Tedenby Nino Niederreiter 35 0 2 3
3 Colin Greening Tye McGinn Mike Duco 20 1 2 2
4 Casey Wellman Lucas Lessio Jan Mursak 10 1 2 2
5 vs 5 Defense
Defense Defense Time % Phy DF OF
1 Philip Samuelsson Stefan Elliott 40 1 2 2
2 Nathan Oystrick Jordan Hendry 30 1 2 2
3 Justin Braun Adam Larsson 20 1 2 2
4 Justin Braun Adam Larsson 10 1 3 1
PowerPlay Forward
Center Left Wing Right Wing Time % Phy DF OF
1 Greg Mauldin Robert Dome Petr Pohl 60 0 1 4
2 Jamie Arniel Tye McGinn Nino Niederreiter 40 0 1 4
PowerPlay Defense
Defense Defense Time % Phy DF OF
1 Philip Samuelsson Jordan Hendry 60 0 2 3
2 Nathan Oystrick Stefan Elliott 40 0 2 3
Penalty Kill 4 Players Forward
Center Wing Time % Phy DF OF
1 Petr Pohl Jan Mursak 60 1 3 1
2 Jamie Arniel Nino Niederreiter 40 1 3 1
Penalty Kill 4 Players Defense
Defense Defense Time % Phy DF OF
1 Nathan Oystrick Adam Larsson 50 1 3 1
2 Philip Samuelsson Jordan Hendry 50 1 3 1
Penalty Kill - 3 Players Forward
Forward Time % Phy DF OF
1 Jan Mursak 60 1 4 0
2 Nino Niederreiter 40 1 4 0
Penalty Kill - 3 Players Defense
Defense Defense Time % Phy DF OF
1 Nathan Oystrick Jordan Hendry 60 1 4 0
2 Philip Samuelsson Adam Larsson 40 1 4 0
4 vs 4 Forward
Center Wing Time % Phy DF OF
1 Greg Mauldin Petr Pohl 50 1 2 2
2 Robert Dome Nino Niederreiter 50 1 2 2
4 vs 4 Defense
Defense Defense Time % Phy DF OF
1 Philip Samuelsson Jordan Hendry 60 1 2 2
2 Nathan Oystrick Justin Braun 40 1 2 2
Last Minutes Offensive
Center Left Wing Right Wing Defense Defense
Greg Mauldin Robert Dome Petr Pohl Philip Samuelsson Jordan Hendry
Last Minutes Defensive
Center Left Wing Right Wing Defense Defense
Jamie Arniel Jan Mursak Nino Niederreiter Philip Samuelsson Nathan Oystrick
Goaltenders
Starting : Thomas Greiss
Backup : Joe Fallon
Extra Forwards
Normal : Petr Pohl, Nino Niederreiter, Mike Duco - PP : Mattias Tedenby, Mike Duco - PK : Greg Mauldin
Extra Defensemen
Normal : Philip Samuelsson, Jordan Hendry, Adam Larsson - PP : Nathan Oystrick - PK : Stefan Elliott, Jordan Hendry
Penalty Shots
Mattias Tedenby, Jamie Arniel, Robert Dome, Greg Mauldin, Casey Wellman
% Time on Ice - Senators
Lines # - Real PCT - Wanted PCT - Time Play
Normal Forward
1 - 37% - 40% - 18:10
2 - 27% - 30% - 13:14
3 - 21% - 20% - 10:09
4 - 14% - 10% - 6:56
Normal Defense
1 - 42% - 40% - 20:11
2 - 31% - 30% - 14:59
3 - 19% - 20% - 9:24
4 - 8% - 10% - 3:55
PP Forward
1 - 55% - 60% - 2:21
2 - 45% - 40% - 1:56
PP Defense
1 - 68% - 60% - 2:56
2 - 32% - 40% - 1:21
PK Forward
1 - 85% - 60% - 4:29
2 - 15% - 40% - 0:49
PK Defense
1 - 96% - 60% - 5:06
2 - 4% - 40% - 0:12
PK3 Forward
1 - 88% - 60% - 1:42
2 - 12% - 40% - 0:14
PK3 Defense
1 - 100% - 60% - 1:56
2 - 0% - 40% - 0:00
44 Forward
1 - 0% - 60%
2 - 0% - 40%
44 Defense
1 - 0% - 60%
2 - 0% - 40%
Last Minute Offensive - 0:00
Last Minute Defensive - 0:00
Total
Forward - 60:00
Defense - 60:00
|
% Time on Ice - Tamiflu
Lines # - Real PCT - Wanted PCT - Time Play
Normal Forward
1 - 31% - 35% - 14:57
2 - 29% - 35% - 14:04
3 - 23% - 20% - 11:11
4 - 17% - 10% - 8:17
Normal Defense
1 - 41% - 40% - 19:48
2 - 31% - 30% - 14:58
3 - 20% - 20% - 9:37
4 - 8% - 10% - 4:06
PP Forward
1 - 55% - 60% - 3:58
2 - 45% - 40% - 3:16
PP Defense
1 - 66% - 60% - 4:46
2 - 34% - 40% - 2:28
PK Forward
1 - 77% - 60% - 3:17
2 - 23% - 40% - 1:00
PK Defense
1 - 53% - 50% - 2:16
2 - 47% - 50% - 2:01
PK3 Forward
1 - 0% - 60%
2 - 0% - 40%
PK3 Defense
1 - 0% - 60%
2 - 0% - 40%
44 Forward
1 - 0% - 50%
2 - 0% - 50%
44 Defense
1 - 0% - 60%
2 - 0% - 40%
Last Minute Offensive - 0:00
Last Minute Defensive - 0:00
Total
Forward - 60:00
Defense - 60:00
|
Play by Play
1st period
0:01 of 1st period - Cody Hodgson wins face-off versus Greg Mauldin in neutral zone.
0:26 of 1st period - Arturs Kulda is hit by Jamie Arniel and loses puck.
0:27 of 1st period - Arturs Kulda from Senators is injured at 0:27 of 1st period (Sprained Left Knee).
0:28 of 1st period - Colin Greening wins face-off versus Nick Bjugstad in Senators zone.
1:18 of 1st period - Casey Wellman is hit by Sergei Kostitsyn and loses puck.
3:49 of 1st period - Sergei Kostitsyn is hit by Nathan Oystrick and loses puck.
4:30 of 1st period - Robert Dome is hit by Tomas Jurco and loses puck.
5:10 of 1st period - Jan Mursak is hit by Logan Stephenson and loses puck.
5:39 of 1st period - Logan Stephenson is hit by Greg Mauldin and loses puck.
5:49 of 1st period - Off-side.
5:50 of 1st period - Cody Hodgson wins face-off versus Jamie Arniel in neutral zone.
5:57 of 1st period - Snap shot by Stanislav Chistov.
5:57 of 1st period - Shot Misses the Net.
6:25 of 1st period - Martin Marincin is hit by Jordan Hendry and loses puck.
7:27 of 1st period - Jamie Arniel is hit by Stanislav Chistov and loses puck.
7:59 of 1st period - Wrist shot by Mike Duco.
7:59 of 1st period - Stopped by Marc Denis with a rebound.
8:01 of 1st period - Slapshot by Nathan Oystrick.
8:01 of 1st period - Stopped by Marc Denis without a rebound.
8:02 of 1st period - Cody Hodgson wins face-off versus Colin Greening in Senators zone.
8:38 of 1st period - Snap shot by Tye McGinn.
8:38 of 1st period - Stopped by Marc Denis with a rebound.
8:40 of 1st period - Slapshot by Adam Larsson.
8:40 of 1st period - Shot Misses the Net.
8:42 of 1st period - Slapshot by Justin Braun.
8:42 of 1st period - Stopped by Marc Denis with a rebound.
8:52 of 1st period - Josh Hennessy is hit by Justin Braun and loses puck.
9:33 of 1st period - Snap shot by Josh Hennessy.
9:33 of 1st period - Shot Blocked by Mike Duco.
9:43 of 1st period - Snap shot by Mike Duco.
9:43 of 1st period - Deflect By Colin Greening.
9:43 of 1st period - Stopped by Marc Denis with a rebound.
10:13 of 1st period - Wrist shot by Tye McGinn.
10:13 of 1st period - Deflect By Mike Duco.
10:13 of 1st period - Stopped by Marc Denis with a rebound.
10:15 of 1st period - Wrist shot by Mike Duco.
10:15 of 1st period - Shot Blocked by Martin Marincin.
10:17 of 1st period - Wrist shot by Mike Duco.
10:17 of 1st period - Deflect By Tye McGinn.
10:17 of 1st period - Shot Misses the Net.
10:17 of 1st period - Puck is out of play.
10:18 of 1st period - Sergei Kostitsyn wins face-off versus Jamie Arniel in Senators zone.
10:29 of 1st period - Icing by Jamie Arniel.
10:30 of 1st period - Cody Hodgson wins face-off versus Jamie Arniel in Tamiflu zone.
10:31 of 1st period - Slapshot by Stanislav Chistov.
10:31 of 1st period - Shot Misses the Net.
10:33 of 1st period - Slapshot by Patrick Wey.
10:33 of 1st period - Shot Misses the Net.
10:35 of 1st period - Snap shot by Sergei Kostitsyn.
10:35 of 1st period - Shot Misses the Net.
10:37 of 1st period - Slapshot by Patrick Wey.
10:37 of 1st period - Shot Blocked by Jamie Arniel.
10:39 of 1st period - Backhand shot by Patrick Wey.
10:39 of 1st period - Shot Blocked by Jamie Arniel.
10:41 of 1st period - Wrist shot by Sergei Kostitsyn.
10:41 of 1st period - Shot Misses the Net.
10:43 of 1st period - Snap shot by Sergei Kostitsyn.
10:43 of 1st period - Shot Misses the Net.
10:45 of 1st period - Slapshot by Patrick Wey.
10:45 of 1st period - Shot Blocked by Adam Larsson.
10:57 of 1st period - Slapshot by Robert Dome.
10:57 of 1st period - Shot Misses the Net.
11:01 of 1st period - Snap shot by Robert Dome.
11:01 of 1st period - Stopped by Marc Denis with a rebound.
11:03 of 1st period - Slapshot by Adam Larsson.
11:03 of 1st period - Stopped by Marc Denis with a rebound.
11:05 of 1st period - Wrist shot by Adam Larsson.
11:05 of 1st period - Deflect By Robert Dome.
11:05 of 1st period - Shot Misses the Net.
11:05 of 1st period - Puck is out of play.
11:06 of 1st period - Cody Hodgson wins face-off versus Jamie Arniel in Senators zone.
11:33 of 1st period - Off-side.
11:34 of 1st period - Mark Olver wins face-off versus Greg Mauldin in neutral zone.
11:45 of 1st period - Snap shot by Greg Mauldin.
11:45 of 1st period - Stopped by Marc Denis with a rebound.
11:47 of 1st period - Wrist shot by Robert Dome.
11:47 of 1st period - Shot Blocked by Logan Stephenson.
12:07 of 1st period - Snap shot by Cody Hodgson.
12:07 of 1st period - Stopped by Thomas Greiss without a rebound.
12:08 of 1st period - Cody Hodgson wins face-off versus Mattias Tedenby in Tamiflu zone.
12:09 of 1st period - Snap shot by Sergei Kostitsyn.
12:09 of 1st period - Deflect By Cody Hodgson.
12:09 of 1st period - Shot Misses the Net.
12:09 of 1st period - Puck is out of play.
12:10 of 1st period - Jamie Arniel wins face-off versus Cody Hodgson in Tamiflu zone.
12:35 of 1st period - Philip Samuelsson is hit by Patrick Wey and loses puck.
13:04 of 1st period - Wrist shot by Gabriel Bourque.
13:04 of 1st period - Stopped by Thomas Greiss without a rebound.
13:05 of 1st period - Cody Hodgson wins face-off versus Greg Mauldin in Tamiflu zone.
13:31 of 1st period - Logan Stephenson is hit by Jordan Hendry and loses puck.
13:52 of 1st period - Snap shot by Jan Mursak.
13:52 of 1st period - Deflect By Lucas Lessio.
13:52 of 1st period - Stopped by Marc Denis without a rebound.
13:53 of 1st period - Casey Wellman wins face-off versus Mark Olver in Senators zone.
14:00 of 1st period - Snap shot by Jan Mursak.
14:00 of 1st period - Stopped by Marc Denis with a rebound.
14:02 of 1st period - Wrist shot by Lucas Lessio.
14:02 of 1st period - Goal by Lucas Lessio - Senators : 0 - Tamiflu : 1.
14:03 of 1st period - Cody Hodgson wins face-off versus Petr Pohl in neutral zone.
14:19 of 1st period - Snap shot by Sergei Kostitsyn.
14:19 of 1st period - Stopped by Thomas Greiss without a rebound.
14:20 of 1st period - Mattias Tedenby wins face-off versus Nick Bjugstad in Tamiflu zone.
14:20 of 1st period - Mattias Tedenby is hit by Jeff Petry.
14:47 of 1st period - Robert Dome is hit by Jeff Petry and loses puck.
15:32 of 1st period - Snap shot by Casey Wellman.
15:32 of 1st period - Shot Misses the Net.
15:55 of 1st period - Jamie Arniel is hit by Jaden Schwartz.
16:13 of 1st period - Snap shot by Robert Dome.
16:13 of 1st period - Stopped by Marc Denis with a rebound.
16:15 of 1st period - Snap shot by Greg Mauldin.
16:15 of 1st period - Deflect By Robert Dome.
16:15 of 1st period - Stopped by Marc Denis with a rebound.
16:17 of 1st period - Snap shot by Philip Samuelsson.
16:17 of 1st period - Deflect By Robert Dome.
16:17 of 1st period - Shot Misses the Net.
16:17 of 1st period - Puck is out of play.
16:18 of 1st period - Colin Greening wins face-off versus Mark Olver in Senators zone.
16:27 of 1st period - Slapshot by Jordan Hendry.
16:27 of 1st period - Deflect By Mike Duco.
16:27 of 1st period - Shot Hit the Post.
16:27 of 1st period - Puck is out of play.
16:28 of 1st period - Mark Olver wins face-off versus Colin Greening in Senators zone.
16:39 of 1st period - Slapshot by Jordan Hendry.
16:39 of 1st period - Deflect By Gabriel Bourque.
16:39 of 1st period - Stopped by Marc Denis with a rebound.
16:41 of 1st period - Slapshot by Nathan Oystrick.
16:41 of 1st period - Deflect By Gabriel Bourque.
16:41 of 1st period - Stopped by Marc Denis without a rebound.
16:42 of 1st period - Greg Mauldin wins face-off versus Cody Hodgson in Senators zone.
17:09 of 1st period - Jeff Petry is hit by Philip Samuelsson and loses puck.
17:16 of 1st period - Wrist shot by Gabriel Bourque.
17:16 of 1st period - Stopped by Thomas Greiss with a rebound.
17:28 of 1st period - Slapshot by Casey Wellman.
17:28 of 1st period - Shot Misses the Net.
18:13 of 1st period - Wrist shot by Josh Hennessy.
18:13 of 1st period - Stopped by Thomas Greiss with a rebound.
18:15 of 1st period - Snap shot by Logan Stephenson.
18:15 of 1st period - Stopped by Thomas Greiss without a rebound.
18:16 of 1st period - Gabriel Bourque wins face-off versus Jamie Arniel in Tamiflu zone.
18:55 of 1st period - Petr Pohl is hit by Martin Marincin and loses puck.
19:06 of 1st period - Nathan Oystrick is hit by Jeff Petry and loses puck.
19:11 of 1st period - Slapshot by Andy Hilbert.
19:11 of 1st period - Deflect By Tomas Jurco.
19:11 of 1st period - Shot Blocked by Nathan Oystrick.
19:11 of 1st period - Puck is out of play.
19:12 of 1st period - Jamie Arniel wins face-off versus Josh Hennessy in Tamiflu zone.
19:12 of 1st period - Jamie Arniel is hit by Logan Stephenson.
19:22 of 1st period - Mattias Tedenby is hit by Tomas Jurco and loses puck.
19:37 of 1st period - Adam Larsson is hit by Stanislav Chistov and loses puck.
19:46 of 1st period - Snap shot by Sergei Kostitsyn.
19:46 of 1st period - Shot Blocked by Adam Larsson.
Goals for this period are 0 for Senators vs 1 for Tamiflu.
Shots for this period are 6 for Senators vs 16 for Tamiflu.
2nd period
0:01 of 2nd period - Greg Mauldin wins face-off versus Cody Hodgson in neutral zone.
0:10 of 2nd period - Wrist shot by Greg Mauldin.
0:10 of 2nd period - Shot Misses the Net.
0:26 of 2nd period - Jamie Arniel is hit by Gabriel Bourque.
0:54 of 2nd period - Snap shot by Jaden Schwartz.
0:54 of 2nd period - Shot Misses the Net.
0:56 of 2nd period - Wrist shot by Jeff Petry.
0:56 of 2nd period - Shot Blocked by Nathan Oystrick.
0:58 of 2nd period - Slapshot by Matt Frattin.
0:58 of 2nd period - Stopped by Thomas Greiss with a rebound.
1:14 of 2nd period - Wrist shot by Jordan Hendry.
1:14 of 2nd period - Stopped by Marc Denis without a rebound.
1:15 of 2nd period - Josh Hennessy wins face-off versus Jamie Arniel in Senators zone.
1:36 of 2nd period - Minor Penalty to Logan Stephenson for Roughing.
1:37 of 2nd period - Greg Mauldin wins face-off versus Sergei Kostitsyn in Senators zone.
1:42 of 2nd period - Wrist shot by Petr Pohl.
1:42 of 2nd period - Stopped by Marc Denis without a rebound.
1:43 of 2nd period - Sergei Kostitsyn wins face-off versus Petr Pohl in Senators zone.
2:19 of 2nd period - Wrist shot by Nino Niederreiter.
2:19 of 2nd period - Goal by Nino Niederreiter - Senators : 0 - Tamiflu : 2.
2:20 of 2nd period - Mark Olver wins face-off versus Greg Mauldin in neutral zone.
2:45 of 2nd period - Martin Marincin is hit by Mattias Tedenby and loses puck.
3:06 of 2nd period - Wrist shot by Tye McGinn.
3:06 of 2nd period - Goal by Tye McGinn - Senators : 0 - Tamiflu : 3.
3:07 of 2nd period - Cody Hodgson wins face-off versus Greg Mauldin in neutral zone.
3:53 of 2nd period - Wrist shot by Stanislav Chistov.
3:53 of 2nd period - Stopped by Thomas Greiss without a rebound.
3:54 of 2nd period - Jack Skille wins face-off versus Greg Mauldin in Tamiflu zone.
3:59 of 2nd period - Wrist shot by Mark Olver.
3:59 of 2nd period - Shot Misses the Net.
4:01 of 2nd period - Slapshot by Jack Skille.
4:01 of 2nd period - Shot Misses the Net.
4:03 of 2nd period - Snap shot by Jack Skille.
4:03 of 2nd period - Goal by Jack Skille - Senators : 1 - Tamiflu : 3.
4:04 of 2nd period - Cody Hodgson wins face-off versus Mattias Tedenby in neutral zone.
4:09 of 2nd period - Wrist shot by Stanislav Chistov.
4:09 of 2nd period - Shot Misses the Net.
4:11 of 2nd period - Slapshot by Martin Marincin.
4:11 of 2nd period - Shot Misses the Net.
4:13 of 2nd period - Slapshot by Logan Stephenson.
4:13 of 2nd period - Shot Misses the Net.
4:15 of 2nd period - Slapshot by Sergei Kostitsyn.
4:15 of 2nd period - Stopped by Thomas Greiss with a rebound.
4:17 of 2nd period - Snap shot by Stanislav Chistov.
4:17 of 2nd period - Goal by Stanislav Chistov - Senators : 2 - Tamiflu : 3.
4:18 of 2nd period - Stanislav Chistov wins face-off versus Greg Mauldin in neutral zone.
4:21 of 2nd period - Slapshot by Logan Stephenson.
4:21 of 2nd period - Stopped by Thomas Greiss without a rebound.
4:22 of 2nd period - Cody Hodgson wins face-off versus Greg Mauldin in Tamiflu zone.
4:36 of 2nd period - Backhand shot by Petr Pohl.
4:36 of 2nd period - Shot Blocked by Cody Hodgson.
4:38 of 2nd period - Slapshot by Robert Dome.
4:38 of 2nd period - Shot Misses the Net.
4:49 of 2nd period - Icing by Martin Marincin.
4:50 of 2nd period - Cody Hodgson wins face-off versus Colin Greening in Senators zone.
4:50 of 2nd period - Cody Hodgson is hit by Colin Greening.
5:12 of 2nd period - Wrist shot by Sergei Kostitsyn.
5:12 of 2nd period - Shot Misses the Net.
5:14 of 2nd period - Backhand shot by Cody Hodgson.
5:14 of 2nd period - Stopped by Thomas Greiss without a rebound.
5:15 of 2nd period - Jamie Arniel wins face-off versus Mark Olver in Tamiflu zone.
5:15 of 2nd period - Jamie Arniel is hit by Patrick Wey.
5:22 of 2nd period - Minor Penalty to Jeff Petry for Interference.
5:23 of 2nd period - Sergei Kostitsyn wins face-off versus Greg Mauldin in Senators zone.
5:23 of 2nd period - Sergei Kostitsyn is hit by Philip Samuelsson.
5:35 of 2nd period - Off-side.
5:36 of 2nd period - Sergei Kostitsyn wins face-off versus Greg Mauldin in neutral zone.
5:41 of 2nd period - Wrist shot by Logan Stephenson.
5:41 of 2nd period - Shot Blocked by Greg Mauldin.
5:46 of 2nd period - Off-side.
5:47 of 2nd period - Sergei Kostitsyn wins face-off versus Greg Mauldin in neutral zone.
7:06 of 2nd period - Wrist shot by Mark Olver.
7:06 of 2nd period - Shot Blocked by Tye McGinn.
7:22 of 2nd period - Penalty to Jeff Petry is over, Jeff Petry is back on ice.
7:53 of 2nd period - Justin Braun is hit by Mark Olver and loses puck.
8:24 of 2nd period - Robert Dome is hit by Nick Bjugstad and loses puck.
8:33 of 2nd period - Petr Pohl is hit by Jaden Schwartz and loses puck.
9:01 of 2nd period - Slapshot by Jordan Hendry.
9:01 of 2nd period - Stopped by Marc Denis without a rebound.
9:02 of 2nd period - Cody Hodgson wins face-off versus Colin Greening in Senators zone.
9:13 of 2nd period - Nathan Oystrick is hit by Cody Hodgson and loses puck.
9:24 of 2nd period - Casey Wellman is hit by Gabriel Bourque and loses puck.
10:50 of 2nd period - Off-side.
10:51 of 2nd period - Nick Bjugstad wins face-off versus Casey Wellman in neutral zone.
11:04 of 2nd period - Slapshot by Jaden Schwartz.
11:04 of 2nd period - Shot Misses the Net.
11:19 of 2nd period - Slapshot by Justin Braun.
11:19 of 2nd period - Stopped by Marc Denis with a rebound.
11:21 of 2nd period - Wrist shot by Casey Wellman.
11:21 of 2nd period - Stopped by Marc Denis with a rebound.
11:23 of 2nd period - Slapshot by Adam Larsson.
11:23 of 2nd period - Shot Blocked by Sergei Kostitsyn.
11:37 of 2nd period - Slapshot by Casey Wellman.
11:37 of 2nd period - Shot Misses the Net.
11:39 of 2nd period - Slapshot by Justin Braun.
11:39 of 2nd period - Stopped by Marc Denis with a rebound.
11:41 of 2nd period - Wrist shot by Jan Mursak.
11:41 of 2nd period - Shot Misses the Net.
12:05 of 2nd period - Icing by Stanislav Chistov.
12:06 of 2nd period - Jamie Arniel wins face-off versus Cody Hodgson in Senators zone.
12:19 of 2nd period - Snap shot by Nino Niederreiter.
12:19 of 2nd period - Shot Misses the Net.
12:21 of 2nd period - Snap shot by Nino Niederreiter.
12:21 of 2nd period - Goal by Nino Niederreiter - Senators : 2 - Tamiflu : 4.
12:22 of 2nd period - Mark Olver wins face-off versus Greg Mauldin in neutral zone.
12:29 of 2nd period - Wrist shot by Nicolas Deslauriers.
12:29 of 2nd period - Deflect By Philip Samuelsson.
12:29 of 2nd period - Stopped by Thomas Greiss with a rebound.
12:35 of 2nd period - Wrist shot by Petr Pohl.
12:35 of 2nd period - Stopped by Marc Denis with a rebound.
12:37 of 2nd period - Slapshot by Robert Dome.
12:37 of 2nd period - Stopped by Marc Denis with a rebound.
12:52 of 2nd period - Wrist shot by Logan Stephenson.
12:52 of 2nd period - Shot Blocked by Philip Samuelsson.
12:54 of 2nd period - Snap shot by Gabriel Bourque.
12:54 of 2nd period - Stopped by Thomas Greiss without a rebound.
12:55 of 2nd period - Nick Bjugstad wins face-off versus Jamie Arniel in Tamiflu zone.
13:04 of 2nd period - Slapshot by Nick Bjugstad.
13:04 of 2nd period - Stopped by Thomas Greiss without a rebound.
13:05 of 2nd period - Nick Bjugstad wins face-off versus Jamie Arniel in Tamiflu zone.
13:10 of 2nd period - Snap shot by Matt Frattin.
13:10 of 2nd period - Stopped by Thomas Greiss without a rebound.
13:11 of 2nd period - Greg Mauldin wins face-off versus Cody Hodgson in Tamiflu zone.
13:43 of 2nd period - Jamie Arniel is hit by Martin Marincin and loses puck.
14:35 of 2nd period - Snap shot by Petr Pohl.
14:35 of 2nd period - Shot Misses the Net.
14:50 of 2nd period - Snap shot by Gabriel Bourque.
14:50 of 2nd period - Stopped by Thomas Greiss without a rebound.
14:51 of 2nd period - Jamie Arniel wins face-off versus Mark Olver in Tamiflu zone.
15:16 of 2nd period - Petr Pohl is hit by Cody Hodgson and loses puck.
15:27 of 2nd period - Snap shot by Cody Hodgson.
15:27 of 2nd period - Goal by Cody Hodgson - Senators : 3 - Tamiflu : 4.
15:28 of 2nd period - Jamie Arniel wins face-off versus Cody Hodgson in neutral zone.
16:12 of 2nd period - Minor Penalty to Greg Mauldin for Cross-checking.
16:13 of 2nd period - Petr Pohl wins face-off versus Cody Hodgson in Tamiflu zone.
17:35 of 2nd period - Adam Larsson is hit by Stanislav Chistov and loses puck.
18:12 of 2nd period - Penalty to Greg Mauldin is over, Greg Mauldin is back on ice.
18:26 of 2nd period - Wrist shot by Jamie Arniel.
18:26 of 2nd period - Stopped by Marc Denis with a rebound.
18:30 of 2nd period - Snap shot by Mattias Tedenby.
18:30 of 2nd period - Stopped by Marc Denis without a rebound.
18:30 of 2nd period - Minor Penalty to Marc Denis for Slashing.
18:31 of 2nd period - Sergei Kostitsyn wins face-off versus Greg Mauldin in Senators zone.
18:33 of 2nd period - Double Minor Penalty to Jeff Petry for High sticking.
18:34 of 2nd period - Sergei Kostitsyn wins face-off versus Greg Mauldin in Senators zone.
Goals for this period are 3 for Senators vs 3 for Tamiflu.
Shots for this period are 13 for Senators vs 13 for Tamiflu.
3rd period
0:01 of 3rd period - Sergei Kostitsyn wins face-off versus Greg Mauldin in neutral zone.
0:26 of 3rd period - Sergei Kostitsyn is hit by Jamie Arniel and loses puck.
0:30 of 3rd period - Penalty to Nicolas Deslauriers is over, Nicolas Deslauriers is back on ice.
0:43 of 3rd period - Mark Olver is hit by Nino Niederreiter and loses puck.
0:54 of 3rd period - Sergei Kostitsyn is hit by Nathan Oystrick and loses puck.
0:59 of 3rd period - Wrist shot by Tye McGinn.
0:59 of 3rd period - Stopped by Marc Denis with a rebound.
1:03 of 3rd period - Snap shot by Jamie Arniel.
1:03 of 3rd period - Goal by Jamie Arniel - Senators : 3 - Tamiflu : 5.
1:04 of 3rd period - Mark Olver wins face-off versus Greg Mauldin in neutral zone.
1:07 of 3rd period - Philip Samuelsson is hit by Gabriel Bourque.
1:11 of 3rd period - Snap shot by Robert Dome.
1:11 of 3rd period - Stopped by Marc Denis without a rebound.
1:12 of 3rd period - Mark Olver wins face-off versus Greg Mauldin in Senators zone.
1:20 of 3rd period - Off-side.
1:21 of 3rd period - Jamie Arniel wins face-off versus Cody Hodgson in neutral zone.
1:46 of 3rd period - Jack Skille is hit by Nathan Oystrick and loses puck.
2:17 of 3rd period - Snap shot by Jordan Hendry.
2:17 of 3rd period - Stopped by Marc Denis with a rebound.
2:23 of 3rd period - Snap shot by Jordan Hendry.
2:23 of 3rd period - Stopped by Marc Denis without a rebound.
2:24 of 3rd period - Cody Hodgson wins face-off versus Jamie Arniel in Senators zone.
2:29 of 3rd period - Slapshot by Sergei Kostitsyn.
2:29 of 3rd period - Shot Misses the Net.
2:53 of 3rd period - Snap shot by Gabriel Bourque.
2:53 of 3rd period - Deflect By Greg Mauldin.
2:53 of 3rd period - Stopped by Thomas Greiss with a rebound.
3:15 of 3rd period - Backhand shot by Andy Hilbert.
3:15 of 3rd period - Stopped by Thomas Greiss with a rebound.
4:02 of 3rd period - Snap shot by Jordan Hendry.
4:02 of 3rd period - Shot Blocked by Jeff Petry.
4:18 of 3rd period - Wrist shot by Petr Pohl.
4:18 of 3rd period - Shot Blocked by Patrick Wey.
4:28 of 3rd period - Wrist shot by Nick Bjugstad.
4:28 of 3rd period - Shot Misses the Net.
4:42 of 3rd period - Wrist shot by Nick Bjugstad.
4:42 of 3rd period - Shot Misses the Net.
5:04 of 3rd period - Snap shot by Sergei Kostitsyn.
5:04 of 3rd period - Deflect By Nathan Oystrick.
5:04 of 3rd period - Stopped by Thomas Greiss with a rebound.
5:06 of 3rd period - Snap shot by Sergei Kostitsyn.
5:06 of 3rd period - Shot Misses the Net.
5:08 of 3rd period - Wrist shot by Sergei Kostitsyn.
5:08 of 3rd period - Shot Misses the Net.
5:10 of 3rd period - Slapshot by Jeff Petry.
5:10 of 3rd period - Shot Blocked by Nathan Oystrick.
5:12 of 3rd period - Slapshot by Sergei Kostitsyn.
5:12 of 3rd period - Shot Misses the Net.
5:22 of 3rd period - Slapshot by Jordan Hendry.
5:22 of 3rd period - Shot Misses the Net.
5:42 of 3rd period - Robert Dome is hit by Tomas Jurco.
6:04 of 3rd period - Snap shot by Sergei Kostitsyn.
6:04 of 3rd period - Deflect By Stanislav Chistov.
6:04 of 3rd period - Shot Blocked by Stefan Elliott.
6:04 of 3rd period - Puck is out of play.
6:05 of 3rd period - Cody Hodgson wins face-off versus Jamie Arniel in Tamiflu zone.
6:26 of 3rd period - Wrist shot by Sergei Kostitsyn.
6:26 of 3rd period - Shot Misses the Net.
6:28 of 3rd period - Slapshot by Martin Marincin.
6:28 of 3rd period - Deflect By Mattias Tedenby.
6:28 of 3rd period - Stopped by Thomas Greiss with a rebound.
6:56 of 3rd period - Slapshot by Mattias Tedenby.
6:56 of 3rd period - Stopped by Marc Denis without a rebound.
6:57 of 3rd period - Mark Olver wins face-off versus Greg Mauldin in Senators zone.
7:19 of 3rd period - Minor Penalty to Gabriel Bourque for Hooking.
7:20 of 3rd period - Greg Mauldin wins face-off versus Sergei Kostitsyn in Senators zone.
7:45 of 3rd period - Sergei Kostitsyn is hit by Tye McGinn and loses puck.
7:52 of 3rd period - Wrist shot by Tye McGinn.
7:52 of 3rd period - Shot Misses the Net.
7:54 of 3rd period - Slapshot by Stefan Elliott.
7:54 of 3rd period - Shot Misses the Net.
9:16 of 3rd period - Nicolas Deslauriers is hit by Stefan Elliott and loses puck.
9:19 of 3rd period - Penalty to Gabriel Bourque is over, Gabriel Bourque is back on ice.
9:51 of 3rd period - Stanislav Chistov is hit by Tye McGinn and loses puck.
10:20 of 3rd period - Casey Wellman is hit by Tomas Jurco.
10:32 of 3rd period - Wrist shot by Sergei Kostitsyn.
10:32 of 3rd period - Shot Misses the Net.
10:34 of 3rd period - Wrist shot by Sergei Kostitsyn.
10:34 of 3rd period - Stopped by Thomas Greiss with a rebound.
11:03 of 3rd period - Icing by Sergei Kostitsyn.
11:04 of 3rd period - Cody Hodgson wins face-off versus Greg Mauldin in Senators zone.
11:09 of 3rd period - Justin Braun is hit by Stanislav Chistov and loses puck.
12:13 of 3rd period - Sergei Kostitsyn is hit by Stefan Elliott and loses puck.
12:51 of 3rd period - Snap shot by Robert Dome.
12:51 of 3rd period - Stopped by Marc Denis with a rebound.
13:01 of 3rd period - Snap shot by Greg Mauldin.
13:01 of 3rd period - Goal by Greg Mauldin - Senators : 3 - Tamiflu : 6.
13:02 of 3rd period - Jamie Arniel wins face-off versus Cody Hodgson in neutral zone.
13:09 of 3rd period - Jamie Arniel is hit by Stanislav Chistov.
13:15 of 3rd period - Icing by Nino Niederreiter.
13:16 of 3rd period - Jamie Arniel wins face-off versus Mark Olver in Tamiflu zone.
13:16 of 3rd period - Jamie Arniel is hit by Jack Skille.
13:28 of 3rd period - Snap shot by Gabriel Bourque.
13:28 of 3rd period - Stopped by Thomas Greiss without a rebound.
13:29 of 3rd period - Greg Mauldin wins face-off versus Cody Hodgson in Tamiflu zone.
13:40 of 3rd period - Slapshot by Greg Mauldin.
13:40 of 3rd period - Deflect By Sergei Kostitsyn.
13:40 of 3rd period - Shot Blocked by Nicolas Deslauriers.
13:40 of 3rd period - Puck is out of play.
13:41 of 3rd period - Jamie Arniel wins face-off versus Cody Hodgson in Senators zone.
13:42 of 3rd period - Snap shot by Nino Niederreiter.
13:42 of 3rd period - Shot Misses the Net.
13:50 of 3rd period - Wrist shot by Sergei Kostitsyn.
13:50 of 3rd period - Shot Blocked by Mattias Tedenby.
13:52 of 3rd period - Wrist shot by Stanislav Chistov.
13:52 of 3rd period - Goal by Stanislav Chistov - Senators : 4 - Tamiflu : 6.
13:53 of 3rd period - Jamie Arniel wins face-off versus Cody Hodgson in neutral zone.
14:06 of 3rd period - Slapshot by Jamie Arniel.
14:06 of 3rd period - Stopped by Marc Denis with a rebound.
14:08 of 3rd period - Snap shot by Nino Niederreiter.
14:08 of 3rd period - Shot Blocked by Logan Stephenson.
14:18 of 3rd period - Stefan Elliott is hit by Martin Marincin.
14:45 of 3rd period - Mike Duco is hit by Jaden Schwartz and loses puck.
15:27 of 3rd period - Snap shot by Josh Hennessy.
15:27 of 3rd period - Stopped by Thomas Greiss with a rebound.
15:29 of 3rd period - Snap shot by Andy Hilbert.
15:29 of 3rd period - Shot Blocked by Nathan Oystrick.
15:31 of 3rd period - Snap shot by Tomas Jurco.
15:31 of 3rd period - Stopped by Thomas Greiss with a rebound.
15:33 of 3rd period - Slapshot by Jeff Petry.
15:33 of 3rd period - Deflect By Andy Hilbert.
15:33 of 3rd period - Goal by Andy Hilbert - Senators : 5 - Tamiflu : 6.
15:34 of 3rd period - Greg Mauldin wins face-off versus Nick Bjugstad in neutral zone.
15:37 of 3rd period - Slapshot by Robert Dome.
15:37 of 3rd period - Stopped by Marc Denis without a rebound.
15:38 of 3rd period - Nick Bjugstad wins face-off versus Greg Mauldin in Senators zone.
15:49 of 3rd period - Snap shot by Jaden Schwartz.
15:49 of 3rd period - Deflect By Greg Mauldin.
15:49 of 3rd period - Shot Misses the Net.
15:49 of 3rd period - Puck is out of play.
15:50 of 3rd period - Greg Mauldin wins face-off versus Jaden Schwartz in Tamiflu zone.
15:50 of 3rd period - Greg Mauldin is hit by Matt Frattin.
16:17 of 3rd period - Wrist shot by Gabriel Bourque.
16:17 of 3rd period - Stopped by Thomas Greiss without a rebound.
16:18 of 3rd period - Colin Greening wins face-off versus Mark Olver in Tamiflu zone.
16:45 of 3rd period - Slapshot by Mattias Tedenby.
16:45 of 3rd period - Shot Misses the Net.
16:47 of 3rd period - Snap shot by Jamie Arniel.
16:47 of 3rd period - Stopped by Marc Denis with a rebound.
16:49 of 3rd period - Wrist shot by Mattias Tedenby.
16:49 of 3rd period - Shot Misses the Net.
16:51 of 3rd period - Snap shot by Mattias Tedenby.
16:51 of 3rd period - Stopped by Marc Denis without a rebound.
16:52 of 3rd period - Greg Mauldin wins face-off versus Nick Bjugstad in Senators zone.
17:08 of 3rd period - Matt Frattin is hit by Petr Pohl and loses puck.
17:19 of 3rd period - Tye McGinn is hit by Nicolas Deslauriers and loses puck.
17:41 of 3rd period - Double Minor Penalty to Jordan Hendry for Roughing.
17:42 of 3rd period - Petr Pohl wins face-off versus Cody Hodgson in Tamiflu zone.
18:16 of 3rd period - Off-side.
18:17 of 3rd period - Josh Hennessy wins face-off versus Jamie Arniel in neutral zone.
18:20 of 3rd period - Snap shot by Jack Skille.
18:20 of 3rd period - Stopped by Thomas Greiss with a rebound.
18:32 of 3rd period - Wrist shot by Andy Hilbert.
18:32 of 3rd period - Shot Misses the Net.
Goals for this period are 2 for Senators vs 2 for Tamiflu.
Shots for this period are 12 for Senators vs 12 for Tamiflu.
Back to the Top